AoeStats
← Schantiiniiii

African Clearing

506929530Analyzed
4v4 RM · 15d ago on Sep 15, 2026· 67m 33s· 8 players
Game mode
Random Map
Map size
Large (8 player)
Population
200
Speed
Normal
Resources
Standard
Victory
Conquest
Starting age
Dark Age
Ending age
Imperial Age
RankedLock teamsTeams togetherTeam positionsShared explorationLock speedFull tech treeHidden civsTurbo modeCheats
Victory
Defeat
🇩🇪 Vietnamese · Germany
1670
+8
🇨🇭 Turks · Switzerland
1649
+8
🇫🇷 Koreans · France
1565
+11
🇩🇪 Mongols · Germany
1414
+17
🇧🇷 Chinese · Brazil
1513
-13
🇩🇪 Dravidians · Germany
1470
-11
🇬🇧 Maya · United Kingdom
1439
-10
🇺🇸 Berbers · United States
1426
-10
mikeymazko
12:43 Loom
15:17 Feudal Age
16:22 Double-Bit Axe
20:06 Castle Age
17:53 Fishing Lines
18:29 Gold Mining
19:39 Scale Barding Armor
19:25 Town Watch
21:16 Bloodlines
21:31 Bow Saw
22:47 Husbandry
23:55 Chain Barding Armor
24:03 Forging
26:22 Gillnets
27:32 Wheelbarrow
29:57 Iron Casting
31:02 Stone Mining
31:55 Horse Collar
34:59 Gold Shaft Mining
35:51 Treadmill Crane
39:04 Imperial Age
36:51 Hand Cart
37:15 Stone Shaft Mining
38:12 Fletching
38:43 Ballistics
39:05 Cavalier
40:23 Plate Barding Armor
40:50 Blast Furnace
40:12 Conscription
40:01 Heavy Plow
40:35 Masonry
41:43 Heavy Camel Rider
44:10 Bodkin Arrow
45:17 Chemistry
44:42 Siege Engineers
46:31 Coinage
47:46 Banking
49:58 Hoardings
49:28 Bracer
49:28 Padded Archer Armor
49:05 Elite Camel Archer
50:49 Light Cavalry
51:54 Leather Archer Armor
52:34 Hussar
54:20 Ring Archer Armor
53:47 Murder Holes
55:08 Caravan
55:45 Maghrebi Camels
56:22 Hoardings
GAX | Gabasco
3:09 Loom
12:00 Feudal Age
16:18 Castle Age
14:22 Double-Bit Axe
14:51 Horse Collar
17:24 Bow Saw
17:48 Heavy Plow
22:22 Fletching
22:29 Fletching
23:25 Stone Mining
23:25 Gold Mining
23:25 Stone Mining
26:23 Bodkin Arrow
29:07 Ballistics
29:47 Wheelbarrow
29:47 Padded Archer Armor
29:45 Gold Mining
30:51 Leather Archer Armor
31:47 Stone Shaft Mining
31:49 Gold Shaft Mining
32:35 Hand Cart
35:44 Imperial Age
34:13 Great Wall
34:20 Scale Barding Armor
34:26 Forging
35:53 Elite Chu Ko Nu
36:54 Conscription
36:49 Bracer
38:07 Chemistry
37:52 Ring Archer Armor
38:26 Two-Man Saw
37:15 Elite Genitour
39:33 Rocketry
41:27 Chain Barding Armor
41:43 Iron Casting
41:09 Scale Mail Armor
45:46 Plate Barding Armor
45:27 Chain Mail Armor
46:12 Blast Furnace
48:59 Capped Ram
49:39 Murder Holes
49:54 Fortified Wall
49:55 Masonry
49:56 Careening
49:39 Light Cavalry
50:30 Bloodlines
50:20 Husbandry
49:42 Cavalier
50:54 Plate Mail Armor
49:53 Siege Ram
50:58 Town Watch
53:12 Town Patrol
55:16 Pikeman
55:57 Squires
55:42 Arson
55:19 Elite Fire Lancer
59:09 Caravan
67:00 Elite Skirmisher
67:01 Crossbowman
AnimeEyes
5:31 Loom
13:04 Feudal Age
13:53 Double-Bit Axe
15:30 Fishing Lines
16:58 Horse Collar
21:42 Castle Age
20:20 Fletching
22:03 Padded Archer Armor
22:05 Elite Skirmisher
22:41 Bodkin Arrow
23:35 Leather Archer Armor
24:36 Ballistics
30:21 Bow Saw
35:58 Wheelbarrow
38:27 Imperial Age
36:03 Stone Mining
36:04 Gold Mining
39:20 Bracer
39:51 Ring Archer Armor
40:22 Chemistry
44:02 Thumb Ring
44:05 Man-at-Arms
44:46 Squires
44:32 Gambesons
45:11 Bow Saw
44:57 Town Watch
45:19 Scale Mail Armor
46:29 Long Swordsman
47:25 Chain Mail Armor
47:21 Forging
47:35 Hand Cart
48:33 Two-Handed Swordsman
49:45 Plate Mail Armor
49:50 Iron Casting
50:05 Champion
52:10 Town Patrol
52:12 Heavy Plow
53:04 Conscription
54:17 Blast Furnace
54:30 Wootz Steel
55:12 Hoardings
54:28 Pikeman
56:15 Halberdier
60:41 Masonry
Lishen
7:44 Loom
13:06 Feudal Age
13:39 Double-Bit Axe
18:34 Fletching
24:58 Padded Archer Armor
26:40 Wheelbarrow
25:53 Town Watch
28:35 Gold Mining
30:56 Castle Age
29:55 Gold Mining
29:47 Horse Collar
30:59 Stone Mining
31:02 Crossbowman
31:42 Bodkin Arrow
40:00 Bow Saw
41:47 Ballistics
43:18 Leather Archer Armor
46:30 Thumb Ring
60:44 Imperial Age
57:52 Elite Skirmisher
63:13 Bracer
64:21 Chemistry
twitch.tv/gliedi69
6:55 Loom
12:07 Feudal Age
12:38 Double-Bit Axe
16:29 Fletching
22:59 Castle Age
23:55 Wheelbarrow
23:19 Horse Collar
23:11 Crossbowman
23:51 Bodkin Arrow
23:56 Stone Mining
23:59 Gold Mining
24:51 Bow Saw
26:31 Ballistics
31:21 Light Cavalry
32:02 Husbandry
32:13 Scale Barding Armor
32:21 Forging
34:51 Chain Barding Armor
36:46 Iron Casting
37:25 Hand Cart
37:18 Heavy Plow
41:27 Imperial Age
40:10 Thumb Ring
39:34 Pikeman
40:15 Squires
40:34 Scale Mail Armor
40:50 Arson
42:29 Bracer
42:57 Chain Mail Armor
42:10 Halberdier
44:01 Conscription
44:44 Chemistry
43:50 Elite Skirmisher
45:22 Plate Mail Armor
55:43 Elite War Wagon
60:49 Caravan
63:24 Eupseong
GlorysDarkSide
3:53 Loom
3:59 Loom
13:11 Feudal Age
15:49 Horse Collar
15:55 Double-Bit Axe
16:58 Scale Barding Armor
17:03 Forging
21:15 Forging
25:21 Castle Age
26:55 Husbandry
27:09 Bloodlines
27:37 Town Watch
27:55 Heavy Plow
29:09 Stone Mining
37:18 Fletching
40:04 Bow Saw
44:02 Imperial Age
42:02 Bodkin Arrow
43:44 Wheelbarrow
44:05 Gold Mining
44:38 Ballistics
45:15 Wheelbarrow
45:29 Bracer
46:52 Chemistry
45:28 Elite Mangudai
46:17 Light Cavalry
47:05 Padded Archer Armor
47:34 Conscription
47:57 Coinage
50:41 Hand Cart
50:26 Town Patrol
52:22 Gold Shaft Mining
52:23 Stone Shaft Mining
54:09 Leather Archer Armor
54:16 Chain Barding Armor
57:46 Banking
58:06 Parthian Tactics
59:26 Thumb Ring
65:30 Iron Casting
64:57 Hussar
Schantiiniiii
4:41 Loom
12:39 Feudal Age
16:50 Castle Age
16:04 Fletching
17:31 Bodkin Arrow
20:58 Double-Bit Axe
21:41 Town Watch
29:20 Ballistics
30:31 Husbandry
32:54 Horse Collar
35:19 Bow Saw
36:26 Sipahi
36:53 Bloodlines
37:57 Wheelbarrow
37:51 Heavy Plow
37:57 Gold Mining
39:20 Stone Mining
42:51 Imperial Age
40:41 Thumb Ring
41:01 Padded Archer Armor
41:49 Hand Cart
42:23 Leather Archer Armor
42:54 Scale Barding Armor
43:00 Forging
43:37 Bracer
43:59 Conscription
43:02 Heavy Cavalry Archer
44:08 Parthian Tactics
44:43 Chain Barding Armor
44:55 Ring Archer Armor
45:02 Iron Casting
45:07 Gold Shaft Mining
46:21 Plate Barding Armor
46:46 Blast Furnace
47:43 Bombard Tower
47:34 Masonry
47:04 Treadmill Crane
50:33 Two-Man Saw
51:01 Artillery
53:56 Hoardings
56:32 Coinage
57:52 Architecture
58:12 Capped Ram
62:37 Siege Ram
65:22 Sappers
66:06 Scale Mail Armor
66:17 Caravan
66:49 Banking
66:29 Guilds
66:24 Town Patrol
65:50 Elite Janissary
67:36 Heated Shot
67:58 Fortified Wall
67:42 Guard Tower
68:11 Fervor
68:03 Atonement
68:12 Devotion
{ BP } Käpt`n Iglo
10:24 Loom
12:55 Feudal Age
14:11 Double-Bit Axe
16:37 Castle Age
14:49 Gold Mining
14:51 Stone Mining
14:45 Fishing Lines
17:35 Bow Saw
17:23 Gold Mining
18:16 Wheelbarrow
18:23 Gillnets
20:14 Fletching
21:45 Bodkin Arrow
23:11 Padded Archer Armor
25:18 Hand Cart
25:34 Town Watch
25:58 Horse Collar
27:15 Heavy Plow
33:12 Imperial Age
32:22 Stone Shaft Mining
32:31 Leather Archer Armor
33:35 Ballistics
33:56 Bracer
34:57 Chemistry
36:15 Ring Archer Armor
36:25 Elite Rattan Archer
38:42 Thumb Ring
39:51 Chatras
39:57 Scale Barding Armor
40:03 Forging
40:29 Crop Rotation
41:00 Two-Man Saw
40:26 Paper Money
41:59 Chain Barding Armor
42:20 Husbandry
42:31 Bloodlines
42:01 Elite Skirmisher
43:37 Plate Barding Armor
44:32 Fortified Wall
44:03 Treadmill Crane
43:53 Imperial Skirmisher
49:36 Iron Casting
49:27 Elite Battle Elephant
54:44 Light Cavalry
62:47 Caravan
65:57 Scale Mail Armor
66:00 Squires
65:46 Arson
65:21 Pikeman
65:22 Man-at-Arms
65:23 Crossbowman
66:38 Coinage
66:20 Guilds
Connection lost

Rejoining the realm…

Still unreachable

The connection could not be restored.

Session expired

The server has moved on; the page needs a fresh start.